 Dungeon Crawl Stone Soup version 0.29-a0-40-g8eb35efe60 (webtiles) character file.

Game seed: 9785495053532777464

60 wilfster70 the Sneak (level 3, 0/19 HPs)
             Began as a Spriggan Delver on Feb 1, 2022.
             Was a Follower of Elyvilon.
             Slain by a gnoll (7 damage)
             ... on level 1 of the Dungeon.
             The game lasted 00:06:47 (2005 turns).

wilfster70 the Sneak (Spriggan Delver)              Turns: 2005, Time: 00:06:47

Health: 0/19       AC:  2    Str:  8    XL:     3   Next: 82%
Magic:  5/5        EV: 19    Int: 13    God:    Elyvilon [*.....]
Gold:   49         SH:  5    Dex: 16    Spells: 2/2 levels left

rFire   . . .      SeeInvis +   a - +0 short sword
rCold   . . .      Faith    .   (no shield)
rNeg    . . .      Spirit   .   l - +0 robe {Will+}
rPois   .          Reflect  +   (helmet restricted)
rElec   .          Harm     .   (no cloak)
rCorr   .          Rampage  .   (gloves unavailable)
Will    +....                   (boots unavailable)
Stlth   ++++......              o - amulet of reflection
HPRegen 0.06/turn               (no ring)
MPRegen 0.09/turn               (no ring)

@: very quick
A: very small, no large weapons, unfitting armour, see invisible, speed 3
a: Renounce Religion, Purification


You were on level 1 of the Dungeon.
You worshipped Elyvilon.
Elyvilon was aware of your devotion.
You visited 1 branch of the dungeon, and saw 5 of its levels.

You collected 49 gold pieces.

Inventory:

Hand Weapons
 a - a +0 short sword (weapon)
 b - a +1 dagger
Missiles
 n - 37 stones (quivered)
Armour
 l - a +0 robe of willpower (worn)
Jewellery
 o - an amulet of reflection (around neck)
Wands
 g - a wand of digging (3)
Scrolls
 c - a scroll of fog
 d - a scroll of teleportation {unknown}
 e - 2 scrolls of fear
 i - a scroll of brand weapon
 m - a scroll of magic mapping
 p - 2 scrolls of enchant weapon
 r - a scroll of identify
Potions
 f - 3 potions of haste
 j - a potion of invisibility


   Skills:
 - Level 2.4 Fighting
 - Level 2.1 Short Blades
 * Level 4.8 Dodging
 - Level 7.2 Stealth
 + Level 1.8 Invocations


You had 2 spell levels left.
You didn't know any spells.
Your spell library was empty.

Dungeon Overview and Level Annotations

Branches:
Dungeon (5/15)             Temple (0/1) D:5

Altars:
Elyvilon

Shops:
D:2 [


Innate Abilities, Weirdness & Mutations

You are very small and have problems with some larger weapons.
You are too small for most types of armour.
You have supernaturally acute eyesight. (SInv)
You cover ground extremely quickly. (Speed+++)


Message History

The gnoll looks more healthy.
Throw: dart (poison)
Press: ? - help, Shift-Dir - straight line, f/p - gnoll
Aim: a gnoll, wielding a +0 whip (severely wounded, 64% to hit)
You throw a poisoned dart. The poisoned dart hits the gnoll.
The gnoll is severely wounded.
You see here a +0 whip.
Throw: 41 stones
Press: ? - help, Shift-Dir - straight line, f/p - gnoll
Aim: a gnoll, wielding a +0 whip (severely wounded, 64% to hit)
You throw a stone. The stone closely misses the gnoll.
The gnoll misses you.
Things that are here:
a +0 dagger; a kobold skeleton You hit the fungus.
The fungus begins to die.
You punch the fungus, but do no damage.
The fungus is lightly damaged.
The gnoll closely misses you. The gnoll hits you with a +0 whip.
A nearby fungus withers and dies.
Throw: 40 stones
Press: ? - help, Shift-Dir - straight line, f/p - gnoll
Aim: a gnoll, wielding a +0 whip (heavily wounded, 64% to hit)
You throw a stone.
The stone hits the gnoll but does no damage.
The gnoll is heavily wounded.
Throw: 39 stones
Press: ? - help, Shift-Dir - straight line, f/p - gnoll
Aim: a gnoll, wielding a +0 whip (heavily wounded, 64% to hit)
You throw a stone.
The stone hits the gnoll but does no damage.
The gnoll is heavily wounded.
Throw: 38 stones
Press: ? - help, Shift-Dir - straight line, f/p - gnoll
Aim: a gnoll, wielding a +0 whip (heavily wounded, 64% to hit)
You throw a stone.
The stone hits the gnoll but does no damage.
The gnoll is heavily wounded.
The gnoll hits you with a +0 whip!
You die...

.##.###.### #.## #...# #.....
..#.# #...####.### #...# ###...
....# ###........####...# ####...
....# ####..............# #..))..
...####....###.######...###..#...
........#####..### #...#....#...
....######.......# #####...P#...
..### #.......####.......#####
..## #......@g(((....P≈.#_#..
...# #.......#######..P.#.#..
...# #.......# #.P)#...P. ...#
######### #..†#....⌠ ...#
#.†.#.P.⌠. ...# #...#P≈≈.. ..##
#.P#.≈P... .## #..#...P.. ##
#.........


You could see a gnoll.

Vanquished Creatures
  2 adders
  3 dart slugs (D:1)
  A giant cockroach (D:1)
  5 goblins
  6 hobgoblins
  4 kobolds
  A quokka (D:3)
  5 ball pythons
  A bat (D:1)
  3 frilled lizards
  4 rats
35 creatures vanquished.

Vanquished Creatures (others)
  A fungus (D:1)
1 creature vanquished.

Grand Total: 36 creatures vanquished

Notes
Turn   | Place    | Note
-------+----------+-------------------------------------------
     0 | D:5      | wilfster70 the Spriggan Delver began the quest for the Orb.
     0 | D:5      | Reached XP level 1. HP: 11/11 MP: 2/2
     9 | D:5      | Found a white marble altar of Elyvilon.
    18 | D:5      | Became a worshipper of Elyvilon the Healer
   570 | D:4      | Noticed a scorpion
   580 | D:3      | Reached skill level 1 in Invocations
   580 | D:3      | Reached XP level 2. HP: 16/16 MP: 3/3
   878 | D:2      | Reached * piety under Elyvilon
   892 | D:1      | Reached XP level 3. HP: 19/19 MP: 3/5
  1668 | D:1      | Found a faded altar of an unknown god.
  1856 | D:2      | Found Boroet's Antique Armour Shop.
  2005 | D:1      | Slain by a gnoll

Illustrated notes

Levels and vault maps discovered:
D:1:      tarquinn_simple_flora_water_a, layout_rooms,
          shapermc_ecumenical_altar_mp_ritualfount
D:2:      cheibrodos_helix_gallery, layout_basic, serial_shops, shop, shop,
          shop_fountains, shop, hangedman_decor_points, kennysheep_path_1,
          chequers_jeans
D:3:      layout_basic, jmf_multi_god_temple, minmay_divided_ellipse
D:4:      layout_layer_cave, portal_sewer_entry_f, gammafunk_ghost_cemetery,
          uniq_pikel
D:5:      layout_loops_ring, elyvilon_altar_4, minmay_temple_entry_wispy,
          kennysheep_generic_room_11

Skill      XL: |  1  2 |
---------------+-------+-----
Dodging        | 3 4 |  4.8
Invocations    | 1 |  1.8
Fighting       | |  2.4
Short Blades   | |  2.1
Stealth        | |  7.2

Action                   || total
-------------------------++-------
Melee: Short sword       ||   142
       Punch             ||     2
Throw: Dart              ||     6
       Stone             ||     4
  Use: Scroll            ||     4
 Stab: Sleeping          ||    10
Armor: Robe              ||     4
Dodge: Dodged            ||   105
Block: Other             ||     6

Table legend: (Time is in decaauts)
 A = Elapsed time spent in this place.
 B = Non-inter-level travel time spent in this place.
 C = Inter-level travel time spent in this place.
 D = Time resting spent in this place.
 E = Time spent auto-exploring this place.
 F = Levels seen in this place.
 G = Mean time per level.
                   A        B        C        D        E       F      G
               +--------+--------+--------+--------+--------+-----+--------+
         Total |   1534 |   1526 |      8 |    597 |    218 |   5 |  306.8 |
       Dungeon |   1534 |   1526 |      8 |    597 |    218 |   5 |  306.8 |
               +--------+--------+--------+--------+--------+-----+--------+

Top non-repeatable levels by time:
     D:1: 742 daAuts
     D:4: 424 daAuts
     D:2: 208 daAuts
     D:3: 136 daAuts
     D:5: 23 daAuts
